 Dungeon Crawl Stone Soup version 0.24-a0-284-g9fb9971 (webtiles) character file.

Game seed: 625757477120788331

189627 mhoghedin the Reanimator (level 17, -6/141 HPs)
             Began as a Demigod Necromancer on May 5, 2019.
             Killed from afar by a shock serpent (14 damage)
             ... with a bolt of electricity
             ... on level 3 of the Snake Pit.
             The game lasted 02:35:26 (36265 turns).

mhoghedin the Reanimator (Demigod Necromancer)     Turns: 36265, Time: 02:35:27

Health: -6/141     AC: 15    Str:  9    XL:     17   Next: 34%
Magic:  31/41      EV: 18    Int: 34    God:
Gold:   2389       SH: 19    Dex: 16    Spells: 13/30 levels left

rFire    . . .     SeeInvis .   a - staff of death {rN+}
rCold    . . .     Gourm    .   U - +4 shield {AC+3}
rNeg     + + .     Faith    .   r - +0 troll leather armour {regen}
rPois    +         Spirit   .   s - +2 hat {MR+}
rElec    .         Reflect  +   D - +0 cloak {+Inv}
rCorr    .         Harm     .   t - +0 pair of gloves
MR       ++...                  H - +2 pair of boots {Fly}
Stlth    ++........             Q - amulet "Goatz" {Reflect +Fly MP+9 Str-2 Slay+4 SH+4}
HPRegen  0.73/turn              C - +5 ring of intelligence
MPRegen  0.27/turn              O - ring "Xeilonint" {rPois rN+}

@: flying, very slightly contaminated
A: high mp 1
a: Evoke Invisibility, Stop Flying


You were on level 3 of the Snake Pit.
You were hungry.

You visited 5 branches of the dungeon, and saw 30 of its levels.
You also visited: Ice Cave.

You collected 2389 gold pieces.

Inventory:

Missiles
 N - a throwing net {=f, !d}
Armour
 r - a +0 troll leather armour (worn) {regen}
   (You found it on level 10 of the Dungeon)
 s - a +2 hat of magic resistance (worn)
   (You took it off Gastronok on level 2 of the Lair of Beasts)
 t - a +0 pair of gloves (worn)
   (You found it on level 12 of the Dungeon)
 D - a +0 cloak of invisibility (worn)
   (You found it in an ice cave)
 H - a +2 pair of boots of flying (worn)
   (You acquired it on level 5 of the Lair of Beasts)
 U - a +4 shield of protection (worn)
   (You took it off a tengu warrior on level 15 of the Dungeon)
Magical Staves
 a - an uncursed staff of death (weapon) {rN+}
   (You found it on level 4 of the Dungeon)
 b - an uncursed staff of earth
   (You found it on level 3 of the Lair of Beasts)
Jewellery
 u - a +5 ring of protection
   (You found it on level 3 of the Snake Pit)
 v - an uncursed ring of protection from cold {unknown}
   (You found it on level 3 of the Snake Pit)
 w - an uncursed ring of protection from fire {rF+, !d}
   (You found it on level 13 of the Dungeon)
 B - an uncursed ring of protection from magic {MR+, !d}
   (You found it on level 10 of the Dungeon)
 C - a +5 ring of intelligence (left hand)
   (You found it on level 8 of the Dungeon)
 O - the ring "Xeilonint" (right hand) {rPois rN+}
   (You found it on level 4 of the Lair of Beasts)

   [ring of poison resistance]

   It protects you from poison.
   It protects you from negative energy.
 Q - the amulet "Goatz" (around neck) {Reflect +Fly MP+9 Str-2 Slay+4 SH+4}
   (You took it off an orc on level 2 of the Orcish Mines)

   [amulet of reflection]

   It shields you and reflects attacks.
   It affects your strength (-2).
   It affects your accuracy and damage with ranged weapons and melee attacks
   (+4).
   It affects your magic capacity (+9).
   It lets you fly.
   It affects your SH (+4).
Wands
 y - a wand of flame (70)
   (You found it on level 6 of the Dungeon)
 A - a wand of polymorph (12)
   (You found it on level 6 of the Dungeon)
 F - a wand of paralysis (19)
   (You found it on level 8 of the Dungeon)
Scrolls
 f - 11 scrolls of teleportation
 g - 8 scrolls of identify
 h - 4 scrolls of magic mapping {!r}
 i - 20 scrolls of remove curse
 l - 6 scrolls of fog
 m - a scroll of silence
 o - 6 scrolls of immolation {!r}
 p - 3 scrolls of vulnerability {!r!r}
 I - 3 scrolls of enchant weapon
 J - a scroll of enchant armour
 K - 3 scrolls of amnesia
Potions
 d - 8 potions of heal wounds
 e - 2 potions of haste
 j - 4 potions of might
 k - 4 potions of brilliance
 n - 2 potions of magic
 q - 8 potions of lignification {!q}
 x - 7 potions of curing
 z - 2 potions of mutation {!q}
 G - 5 potions of berserk rage {!q}
 P - a potion of ambrosia
 S - 2 potions of cancellation
Miscellaneous
 V - a crystal ball of energy
   (You found it on level 6 of the Lair of Beasts)
 W - a phial of floods
   (You found it on level 6 of the Lair of Beasts)
Comestibles
 c - 14 rations


   Skills:
 + Level 10.5 Fighting
   Level 7.6 Axes
 + Level 11.9 Staves
 - Level 1.5 Throwing
 - Level 4.9 Armour
 + Level 10.4 Dodging
 - Level 1.7 Stealth
 + Level 9.9 Shields
 - Level 7.0 Spellcasting
 - Level 12.1 Necromancy
 - Level 9.9 Earth Magic
 - Level 12.0 Evocations


You had 13 spell levels left.
You knew the following spells:

 Your Spells              Type           Power        Failure   Level  Hunger
a - Pain                  Necr           ####         1%          1    None
b - Animate Dead          Necr           N/A          1%          4    #......
c - Borgnjor's Vile Clut  Necr/Erth      #######...   2%          5    ####...
r - Regeneration          Chrm/Necr      ######....   2%          3    None
x - Vampiric Draining     Necr           #######...   1%          3    None
A - Animate Skeleton      Necr           N/A          1%          1    None

Your spell library contained the following spells:

 Spells                   Type           Power        Failure   Level  Hunger
 Sandblast                Erth           ######       1%          1    None
 Corpse Rot               Necr           N/A          1%          2    None
 Stone Arrow              Conj/Erth      #####.       3%          3    None
 Lee's Rapid Deconstruct  Erth           ######....   4%          5    ####...
 Beastly Appendage        Tmut           ##....       10%         1    None
 Infusion                 Chrm           ##..         10%         1    None
 Leda's Liquefaction      Hex/Erth       #####.....   12%         4    #......
 Ensorcelled Hibernation  Hex/Ice        ##....       14%         2    None
 Shroud of Golubria       Chrm/Tloc      ##........   14%         2    None
 Song of Slaying          Chrm           ##......     14%         2    None
 Sticks to Snakes         Tmut           ##......     14%         2    None
 Spectral Weapon          Hex/Chrm       ##......     28%         3    None
 Spider Form              Tmut/Pois      ##........   28%         3    None
 Bolt of Magma            Conj/Fire/Erth ####......   56%         5    ####...
 Ice Form                 Ice/Tmut       ##......     67%         4    #......
 Iron Shot                Conj/Erth      #####.....   88%         6    ######.
 Statue Form              Tmut/Erth      #####....    88%         6    ######.
 Blade Hands              Tmut           ##........   95%         5    ####...
 Silence                  Hex/Air        ##........   95%         5    ####...
 Darkness                 Hex            ##........   100%        6    ######.
 Shadow Creatures         Summ           N/A          100%        6    ######.
 Shatter                  Erth           ######....   100%        9    #######


Dungeon Overview and Level Annotations

Branches:
Dungeon (15/15)            Temple (0/1) D:5            Lair (6/6) D:11
 Shoals (3/4) Lair:2        Snake (4/4) Lair:2        Slime (0/5) Lair:6
    Orc (2/2) D:11            Elf (0/3) Orc:2        Vaults (0/5) D:13
 Depths (0/5) D:15

Shops:
D:14 (   Orc:2 }=(*   Snake:4 *

Annotations:
D:10 3 runed translucent doors, 1 transporter, exclusion: obsidian statue, Gorice's ghost, journeyman GnWz
D:13 1 runed translucent door
Shoals:3 Dereoz's ghost, adept MiBe
Snake:4 3 runed translucent doors, Lufyqa Hiru's ghost, adept MfIE


Innate Abilities, Weirdness & Mutations

You have an increased reservoir of magic. (+10% MP)


Message History

The zombie hands constrict the shock serpent.
The zombie hands constrict the naga mage!
The zombie hands constrict the naga.
The zombie hands constrict the salamander!
The shock serpent struggles to escape constriction.
The naga struggles to escape constriction.
The salamander struggles to escape constriction.
The shock serpent escapes!
You now have 31/41 mp.
You gaze into the crystal ball.
You are confused.
The zombie hands constrict the naga mage!
The zombie hands constrict the naga!
The zombie hands constrict the salamander!
The black mamba hisses angrily.
The naga mage mumbles some strange words.
The naga mage seems to speed up.
The naga spits poison at you. The splash of poison misses you.
The salamander struggles to escape constriction.
Unknown command.
The zombie hands constrict the naga mage!
The zombie hands constrict the naga!
You kill the naga!
The zombie hands constrict the salamander!!
The naga mage struggles to escape constriction.
The salamander struggles to escape constriction.
The shock serpent shoots out a bolt of lightning at you!
The bolt of electricity hits you!!
You take 22 damage, and have 119/141 hp.
Unknown command.
The zombie hands constrict the naga mage!
You kill the naga mage!
The zombie hands constrict the salamander!
The salamander struggles to escape constriction.
The zombie hands constrict the salamander!
You kill the salamander!
The shock serpent misses you. x2
The shock serpent barely misses you.
Unknown command.
The shock serpent bites you! The shock serpent shocks you!
The shock serpent bites you. The shock serpent shocks you!
You take 40 damage, and have 81/141 hp.
MASSIVE DAMAGE!!
You're too confused to cast spells.
Unknown command.
The nagaraja shouts!
The shock serpent bites you but does no damage.
The shock serpent bites you. The shock serpent shocks you!
The shock serpent bites you but does no damage.
You take 15 damage, and have 67/141 hp.
Unknown command.
The shock serpent bites you! The shock serpent shocks you!
You take 22 damage, and have 45/141 hp.
Unknown command.
The shock serpent shoots out a bolt of lightning at you!
The bolt of electricity hits you!
* * * LOW HITPOINT WARNING * * *
The shock serpent bites you!
* * * LOW HITPOINT WARNING * * *
The shock serpent shocks you!
* * * LOW HITPOINT WARNING * * *
You fly upwards.
There is a stone staircase leading down here.
You take 28 damage, and have 17/141 hp.
You're too confused!
Unknown command.
You feel better. You block the shock serpent's attack.
You regained 10 hp, and now have 27/141 hp.
Aim: a shock serpent You feel a surge of power!
Decaying hands burst forth from the earth!
Zombie hands grab the shock serpent.
You are feeling hungry.
The zombie hands constrict the shock serpent!
You block the shock serpent's attack.
The shock serpent's electric aura discharges, shocking you!
* * * LOW HITPOINT WARNING * * *
The shock serpent closely misses you.
You take 16 damage, and have 11/141 hp.
You now have 30/41 mp.
The zombie hands constrict the shock serpent.
The shock serpent struggles to escape constriction.
The shock serpent's electric aura discharges, shocking you!
* * * LOW HITPOINT WARNING * * *
You take 4 damage, and have 7/141 hp.
You feel much better.
The zombie hands constrict the shock serpent!
The shock serpent struggles to escape constriction.
The shock serpent's electric aura discharges, shocking you!
* * * LOW HITPOINT WARNING * * *
You regained 11 hp, and now have 18/141 hp.
The zombie hands constrict the shock serpent!!
The shock serpent shoots out a bolt of lightning at you!
The bolt of electricity hits you.
* * * LOW HITPOINT WARNING * * *
The shock serpent's electric aura discharges, shocking you!
* * * LOW HITPOINT WARNING * * *
The shock serpent shoots out a bolt of lightning at you!
The bolt of electricity hits you!
You die...

#Z##. #.### ###### #(###
#....############)##.
#.##.....#.......).#.
######.######.#.######).#.
#....#.....##.#.# #.#(.#.
#....#.#.#.##.#.####.#..##
#....#.>.@........Z.Z.....
#....#S.####..###.##.#####
#...†#....<#......#..#####
#..).##.####.######.#.....
#............# #.#.....
####.##.###### #.#.....
#.##.# #.#.....
#.##.###########.#.....
#.....ZZ.Z......)'.....


You could see a shock serpent.

Vanquished Creatures
  Vashnia (Snake:3)
  Saint Roka (Orc:2)
  A bone dragon (D:13)
  A lich (D:13)
  Asterion (Snake:1)
  A kraken (Shoals:2)
  Gastronok (Lair:2)
  Kirke (Snake:1)
  Roxanne (Snake:3)
  2 nagarajas
  Louise (Shoals:2)
  Aizul (Snake:1)
  An orc warlord (Orc:2)
  An ettin (D:13)
  2 blizzard demons (IceCv)
  A yaktaur captain (D:15)
  A fire dragon (Lair:6)
  The ghost of Lanoc the Cleaver, a journeyman MiGl of Uskayaw (D:13)
  4 hydras
  4 vault guards (D:13)
  9 naga warriors
  A merfolk aquamancer (Shoals:3)
  2 centaur warriors
  An alligator snapping turtle (Shoals:3)
  2 satyrs (Shoals:2)
  4 merfolk avatars
  A catoblepas (D:13)
  6 anacondas
  4 two-headed ogres
  5 tengu warriors
  10 naga sharpshooters
  4 orc high priests (Orc:2)
  A shock serpent (Snake:3)
  Sonja (Orc:1)
  3 skeletal warriors (D:13)
  6 sea snakes
  6 naga ritualists
  A flayed ghost (D:13)
  5 lindwurms (Lair:6)
  5 harpies
  3 orc knights (Orc:2)
  2 deep elf magi
  A necromancer (D:13)
  6 mana vipers
  A wolf spider zombie (D:13)
  2 slime creatures (D:14)
  4 orc sorcerers (Orc:2)
  5 fauns
  13 ugly things
  A cyclops (Shoals:3)
  4 salamanders
  3 merfolk sirens (Shoals:1)
  12 manticores
  3 elephants (Lair:6)
  4 guardian serpents
  45 black mambas
  2 ice statues (IceCv)
  7 naga magi
  4 water nymphs
  2 molten gargoyles (Lair:6)
  4 spiny frogs
  10 komodo dragons
  2 kobold demonologists (D:14)
  A gargoyle (D:15)
  An efreet (D:15)
  5 rime drakes
  11 ice devils (IceCv)
  A yaktaur (D:15)
  A redback zombie (D:13)
  4 meliai
  A tengu conjurer (D:15)
  9 merfolk
  11 trolls
  A harpy zombie (D:13)
  A jumping spider (shapeshifter) (D:10)
  Grinder (D:5)
  A hornet (D:14)
  7 blink frogs
  6 wind drakes
  2 harpy skeletons (D:14)
  A raiju (Lair:2)
  6 snapping turtles
  7 hippogriffs
  12 dream sheep
  3 meliai zombies
  2 wraiths
  2 centaur simulacra (D:13)
  A redback (shapeshifter) (D:13)
  A shadow (D:12)
  36 yaks
  A water elemental (Shoals:1)
  Eustachio (D:4)
  A vampire (D:13)
  A dire elephant simulacrum (IceCv)
  3 wyverns
  5 hungry ghosts
  4 basilisks
  4 hogs (Snake:1)
  2 steam dragons (Lair:6)
  5 vampire mosquitoes
  4 wargs
  2 iron troll simulacra (IceCv)
  3 harpy simulacra (IceCv)
  36 nagas
  3 hell hounds (Lair:6)
  2 hydra simulacra (IceCv)
  14 water moccasins
  47 orc warriors
  8 porcupines
  2 hornet zombies
  2 ettin simulacra (IceCv)
  4 ice beasts
  2 sky beasts
  20 ogres
  4 phantoms
  10 centaurs
  17 wolves
  7 crocodiles
  5 big kobolds
  9 bullfrogs
  A gnoll sergeant (D:11)
  2 wyvern skeletons (D:13)
  4 scorpions
  5 killer bees
  5 wights (D:14)
  An electric eel (Lair:1)
  6 howler monkeys
  14 crimson imps
  4 lava snakes (Lair:6)
  9 centaur zombies
  4 bullfrog zombies
  3 quasits
  5 hounds
  A jelly (D:10)
  37 orc priests
  12 centaur skeletons
  A gnoll shaman (D:9)
  A bullfrog skeleton (D:13)
  5 iguanas
  21 orc wizards
  8 worker ants
  2 hound zombies
  2 hound skeletons
  2 worker ant zombies (D:11)
  8 gnolls
  15 adders
  5 shadow imps
  3 oozes
  An adder skeleton (D:6)
  5 worms
  5 dart slugs
  10 leopard geckos
  138 orcs
  4 giant cockroaches
  12 hobgoblins
  7 jackals
  9 quokkas
  4 ball pythons
  7 bats
  7 frilled lizards
  9 goblins
  16 kobolds
  2 leopard gecko skeletons
  A leopard gecko zombie (D:5)
  2 quokka skeletons
  A quokka zombie (D:5)
  11 rats
  A fungus (Lair:2)
  3 plants
  A tentacle (Shoals:2)
1050 creatures vanquished.

Vanquished Creatures (collateral kills)
  An ettin (Orc:1)
  4 merfolk impalers
  A hydra (Lair:3)
  2 anacondas (Snake:3)
  A centaur warrior (D:14)
  A two-headed ogre (D:11)
  An orc high priest (Orc:2)
  A naga sharpshooter (Snake:3)
  A shock serpent (Snake:1)
  A fire crab (Lair:6)
  A salamander mystic (Snake:2)
  A sea snake (Shoals:3)
  A naga ritualist (Snake:1)
  3 harpies (Shoals:3)
  An orc knight (D:11)
  2 mana vipers (Snake:2)
  An ugly thing (D:11)
  A faun (Shoals:2)
  A manticore (Shoals:3)
  A salamander (Snake:2)
  A centaur skeleton (D:12)
  4 black mambas
  3 spiny frogs
  A molten gargoyle (Lair:6)
  A rime drake (Lair:5)
  6 merfolk
  A wind drake (Shoals:3)
  3 blink frogs
  2 dream sheep (Shoals:3)
  3 hippogriffs
  A meliai zombie (D:11)
  2 snapping turtles (Shoals:1)
  2 water elementals
  A shadow (D:12)
  A basilisk (Lair:4)
  A hog (Snake:1)
  2 wyverns
  5 yaks
  3 vampire mosquitoes (D:15)
  3 nagas (Snake:3)
  2 porcupines
  2 water moccasins
  2 orc warriors
  A necrophage (D:9)
  A wolf (Lair:1)
  2 ogres (Orc:2)
  3 crocodiles
  4 centaurs (D:14)
  3 bullfrogs
  A killer bee (D:10)
  A lava snake (Lair:6)
  An orc priest (Orc:2)
  A worker ant (D:14)
  A hound zombie (D:8)
  An adder (D:5)
  A gnoll (D:11)
  An ooze (D:2)
  A worm (D:2)
  11 orcs
  A quokka (D:6)
  A butterfly (Lair:1)
  A fungus (Lair:4)
  10 plants
126 creatures vanquished.

Vanquished Creatures (others)
  A stone giant (Orc:2)
  A centaur warrior (D:14)
  A satyr (Shoals:3)
  2 naga sharpshooters (Snake:2)
  A big kobold (D:9)
  3 kobolds (D:9)
  2 fungi
  7 plants
  13 tentacles (Shoals:2)
31 creatures vanquished.

Grand Total: 1207 creatures vanquished

Notes
Turn   | Place    | Note
-------+----------+-------------------------------------------
     0 | D:1      | mhoghedin the Demigod Necromancer began the quest for the
                  | Orb.
     0 | D:1      | Reached XP level 1. HP: 14/14 MP: 5/5
     2 | D:1      | Learned a level 1 spell: Animate Skeleton
   219 | D:1      | Reached skill level 4 in Necromancy
   356 | D:1      | Reached XP level 2. HP: 20/20 MP: 5/7
   710 | D:1      | Found an ancient bone altar of Kikubaaqudgha.
  1148 | D:1      | Reached XP level 3. HP: 15/26 MP: 6/8
  1315 | D:2      | Learned a level 3 spell: Vampiric Draining
  1755 | D:2      | Found a shattered altar of Ashenzari.
  1850 | D:2      | Found a glowing silver altar of Zin.
  2088 | D:2      | Noticed a phantom
  2323 | D:2      | Reached skill level 5 in Necromancy
  2437 | D:2      | Reached skill level 2 in Spellcasting
  2530 | D:2      | Reached XP level 4. HP: 30/33 MP: 5/9
  2710 | D:2      | Reached skill level 1 in Shields
  2815 | D:3      | Found a snail-covered altar of Cheibriados.
  3069 | D:3      | Reached skill level 2 in Shields
  3758 | D:4      | Reached XP level 5. HP: 32/38 MP: 7/11
  3884 | D:4      | Reached skill level 1 in Throwing
  3915 | D:4      | Learned a level 4 spell: Animate Dead
  3932 | D:4      | Noticed Eustachio
  4378 | D:4      | Found a deep blue altar of Sif Muna.
  4560 | D:4      | HP: 3/38 [Eustachio/+0 rapier (9)]
  4561 | D:4      | Killed Eustachio
  4561 | D:4      | Reached skill level 1 in Fighting
  4561 | D:4      | Reached skill level 1 in Axes
  4561 | D:4      | Reached XP level 6. HP: 4/48 MP: 7/12
  4932 | D:4      | Reached skill level 2 in Fighting
  4932 | D:4      | Reached skill level 2 in Axes
  5267 | D:5      | Entered Level 5 of the Dungeon
  5277 | D:5      | HP: 11/50 [orc priest/+0 flail (6)]
  5278 | D:5      | HP: 5/50 [orc priest/+0 flail (6)]
  5545 | D:5      | Found a staircase to the Ecumenical Temple.
  5580 | D:5      | Noticed Grinder
  5591 | D:5      | Killed Grinder
  5591 | D:5      | Reached skill level 4 in Axes
  5591 | D:5      | Reached XP level 7. HP: 46/56 MP: 13/13
  6059 | D:5      | Reached skill level 3 in Spellcasting
  6299 | D:5      | Reached skill level 6 in Necromancy
  6915 | D:5      | Learned a level 3 spell: Regeneration
  6948 | D:6      | Reached XP level 8. HP: 52/62 MP: 16/16
  7185 | D:6      | Got a transparent hand axe
  7188 | D:6      | Reached skill level 4 in Spellcasting
  7189 | D:6      | Identified the +10 hand axe of Shame {chaos, MR+ Str+3}
                  | (You found it on level 6 of the Dungeon)
  7403 | D:6      | Found a radiant altar of Vehumet.
  7482 | D:6      | Reached skill level 7 in Necromancy
  7518 | D:6      | Reached skill level 5 in Spellcasting
  7899 | D:7      | Reached skill level 2 in Dodging
  8074 | D:7      | Found a stormy altar of Qazlal.
  8075 | D:7      | Found a blossoming altar of Fedhas.
  8188 | D:7      | Found an opulent altar of Gozag.
  8188 | D:7      | Found an ornate altar of the Wu Jian Council.
  8188 | D:7      | Found a hazy altar of Hepliaklqana.
  8189 | D:7      | Found a bloodstained altar of Trog.
  8203 | D:7      | Reached skill level 3 in Fighting
  8219 | D:7      | Reached skill level 5 in Axes
  8219 | D:7      | Reached XP level 9. HP: 61/69 MP: 12/20
  8485 | D:8      | Reached skill level 3 in Shields
  8588 | D:8      | Noticed Maurice
  8589 | D:8      | Noticed Maurice
  8589 | D:8      | Maurice changed into Maurice the worm
  8596 | D:8      | Killed Maurice the worm
  8811 | D:8      | Found a blossoming altar of Fedhas.
  8918 | D:8      | Reached skill level 3 in Dodging
  9009 | D:8      | Noticed a manticore
  9022 | D:8      | Killed a manticore
  9022 | D:8      | Reached skill level 4 in Fighting
  9333 | D:9      | Reached skill level 4 in Shields
  9416 | D:9      | Reached skill level 4 in Dodging
  9512 | D:9      | Reached skill level 6 in Axes
  9953 | D:9      | Found a glowing golden altar of the Shining One.
  9956 | D:9      | Found a basalt altar of Yredelemnul.
 10029 | D:9      | Noticed a profane servitor
 10146 | D:9      | Noticed an angel
 10169 | D:10     | Entered Level 10 of the Dungeon
 10250 | D:10     | Reached skill level 1 in Armour
 10260 | D:9      | Reached skill level 5 in Fighting
 10260 | D:9      | Reached XP level 10. HP: 67/81 MP: 10/21
 10340 | D:10     | Found a white marble altar of Elyvilon.
 10412 | D:10     | Reached skill level 5 in Shields
 10441 | D:10     | Reached skill level 2 in Armour
 10482 | D:10     | Found a runed translucent gate.
 10497 | D:10     | Reached skill level 5 in Dodging
 10560 | D:10     | Reached skill level 7 in Axes
 10560 | D:10     | Reached skill level 3 in Armour
 10891 | D:10     | Found a sparkling altar of Nemelex Xobeh.
 10891 | D:10     | Found a transporter.
 10891 | D:10     | Noticed a fire giant
 10996 | D:10     | Found a runed translucent gate.
 10996 | D:10     | Found a runed translucent gate.
 10998 | D:10     | Found an opulent altar of Gozag.
 10999 | D:10     | Noticed an obsidian statue
 11001 | D:10     | Noticed Gorice's ghost (journeyman GnWz)
 11001 | D:10     | Noticed a centaur warrior
 11002 | D:10     | Noticed a centaur warrior
 11144 | D:11     | Noticed an orc knight
 11263 | D:11     | Reached skill level 6 in Fighting
 11263 | D:11     | HP: 17/83 [orc priest/divine providence (15)]
 11687 | D:11     | Reached skill level 6 in Dodging
 11802 | D:11     | Learned a level 5 spell: Borgnjor's Vile Clutch
 11875 | D:11     | Reached skill level 1 in Earth Magic
 11882 | D:11     | Noticed a two-headed ogre
 11903 | D:11     | Killed a two-headed ogre
 11903 | D:11     | Reached XP level 11. HP: 50/91 MP: 6/22
 11919 | D:11     | Reached skill level 2 in Earth Magic
 11968 | D:11     | Reached skill level 8 in Necromancy
 11995 | D:11     | Found a roughly hewn altar of Beogh.
 12003 | D:11     | Killed an orc knight
 12008 | D:11     | Found a staircase to the Orcish Mines.
 12115 | D:11     | Reached skill level 3 in Earth Magic
 12241 | D:11     | Found a staircase to the Lair.
 12445 | Lair:1   | Entered Level 1 of the Lair of Beasts
 12637 | Lair:1   | Reached skill level 4 in Earth Magic
 12913 | Lair:1   | Reached skill level 9 in Necromancy
 13326 | Lair:2   | Reached skill level 5 in Earth Magic
 13343 | Lair:2   | Found a staircase to the Snake Pit.
 13500 | Lair:2   | HP: 22/91 [poisoned by a black mamba]
 13505 | Lair:2   | HP: 19/91 [poisoned by a black mamba]
 13510 | Lair:2   | HP: 20/91 [poisoned by a black mamba]
 13515 | Lair:2   | HP: 19/91 [poisoned by a black mamba]
 13520 | Lair:2   | HP: 18/91 [poisoned by a black mamba]
 13525 | Lair:2   | HP: 18/91 [poisoned by a black mamba]
 13530 | Lair:2   | HP: 20/91 [poisoned by a black mamba]
 13537 | Lair:2   | HP: 22/91 [poisoned by a black mamba]
 13773 | Lair:2   | Found a staircase to the Shoals.
 13886 | Lair:2   | Reached skill level 6 in Earth Magic
 14202 | Lair:2   | Noticed Gastronok
 14220 | Lair:2   | Killed Gastronok
 14220 | Lair:2   | Reached skill level 10 in Necromancy
 14755 | Lair:2   | Reached skill level 7 in Earth Magic
 14760 | Lair:2   | Reached XP level 12. HP: 67/97 MP: 23/23
 14808 | Lair:3   | Reached skill level 4 in Armour
 14937 | Lair:3   | Noticed a four-headed hydra
 14946 | Lair:3   | Killed a four-headed hydra
 14946 | Lair:3   | Reached skill level 1 in Staves
 14946 | Lair:3   | Reached skill level 1 in Evocations
 15014 | Lair:3   | Noticed a six-headed hydra
 15024 | Lair:3   | Killed a six-headed hydra
 15024 | Lair:3   | Reached skill level 2 in Staves
 15024 | Lair:3   | Reached skill level 2 in Evocations
 15943 | Lair:4   | Reached skill level 3 in Staves
 15943 | Lair:4   | Reached skill level 3 in Evocations
 15963 | Lair:4   | Reached skill level 4 in Staves
 15963 | Lair:4   | Reached skill level 4 in Evocations
 15989 | Lair:4   | Got a smoking brass ring
 15990 | Lair:4   | Identified the ring "Xeilonint" {rPois rN+} (You found it
                  | on level 4 of the Lair of Beasts)
 16081 | Lair:4   | You fall through a shaft!
 16081 | Lair:5   | Noticed an eight-headed hydra
 16142 | Lair:5   | Killed an eight-headed hydra
 16383 | Lair:4   | Reached skill level 5 in Staves
 16383 | Lair:4   | Reached skill level 5 in Evocations
 17269 | Lair:4   | Learned a level 2 spell: Shroud of Golubria
 17686 | Lair:5   | Reached skill level 6 in Staves
 17686 | Lair:5   | Reached skill level 6 in Evocations
 18192 | Lair:5   | Identified a scroll of acquirement
 18297 | Lair:6   | Entered Level 6 of the Lair of Beasts
 18310 | Lair:6   | Noticed a five-headed hydra
 18321 | Lair:6   | Killed a five-headed hydra
 18345 | Lair:6   | Found a staircase to the Slime Pits.
 18345 | Lair:6   | Found a viscous altar of Jiyva.
 18615 | Lair:6   | Reached XP level 13. HP: 65/103 MP: 16/25
 18620 | Lair:6   | HP: 21/103 [komodo dragon (21)]
 18842 | Lair:6   | Reached skill level 7 in Staves
 18842 | Lair:6   | Reached skill level 7 in Evocations
 19006 | Lair:6   | Found a large runed translucent door.
 19006 | Lair:6   | Found a large runed translucent door.
 19758 | Lair:6   | Reached skill level 8 in Staves
 19758 | Lair:6   | Reached skill level 8 in Evocations
 19966 | Lair:6   | Identified Sif Muna's Collected Works on Shifting Evil
                  | Rituals
 20498 | D:12     | Reached skill level 9 in Evocations
 21357 | D:13     | Found a runed translucent door.
 21364 | D:13     | Noticed a lich
 21365 | D:13     | Noticed Lanoc's ghost (journeyman MiGl)
 21368 | D:13     | Found a runed translucent door.
 21458 | D:13     | Found a gate to the Vaults.
 21463 | D:13     | Reached skill level 10 in Evocations
 22079 | D:13     | Reached skill level 11 in Evocations
 22150 | D:13     | Reached XP level 14. HP: 109/111 MP: 11/26
 22465 | D:13     | Noticed a bone dragon
 22466 | D:13     | Found the +9 sword of Zonguldrok {reap}
 22638 | D:13     | Reached skill level 7 in Fighting
 22868 | D:13     | Killed a bone dragon
 22868 | D:13     | Reached skill level 9 in Staves
 22868 | D:13     | Reached skill level 6 in Shields
 23102 | D:13     | Reached skill level 7 in Dodging
 23128 | D:13     | Killed a lich
 23149 | D:13     | HP: 28/113 [Lanoc's ghost (3)]
 23156 | D:13     | Killed Lanoc's ghost
 23722 | D:14     | Reached skill level 8 in Fighting
 23835 | D:14     | Reached skill level 7 in Shields
 23910 | D:14     | Reached skill level 8 in Dodging
 24469 | D:14     | Found Ecsur's Weapon Emporium.
 24569 | D:15     | Entered Level 15 of the Dungeon
 24716 | D:15     | Reached skill level 10 in Staves
 24917 | D:15     | Reached XP level 15. HP: 78/123 MP: 16/27
 25029 | D:15     | Found a staircase to the Depths.
 25110 | D:15     | Found a corrupted altar of Lugonu.
 25455 | Shoals:1 | Entered Level 1 of the Shoals
 25531 | Shoals:1 | Found a frozen archway.
 25536 | IceCv    | Entered an ice cave
 26161 | IceCv    | Reached skill level 9 in Fighting
 26161 | IceCv    | Reached skill level 8 in Shields
 26723 | IceCv    | Got an ichor-stained trident
 27150 | Shoals:1 | HP: 18/124 [water nymph/the raging water (32)]
 27867 | Shoals:2 | Noticed Louise
 27878 | Shoals:2 | Killed Louise
 27940 | Shoals:2 | Reached skill level 8 in Earth Magic
 28001 | Shoals:2 | Reached skill level 11 in Necromancy
 28343 | Shoals:2 | Noticed a kraken
 28538 | Shoals:2 | Killed a kraken
 28567 | Shoals:2 | Identified the cursed +1 trident "Zeqezath" {venom, rPois
                  | rF+ MP+9} (You found it in an ice cave)
 29193 | Orc:1    | Entered Level 1 of the Orcish Mines
 29199 | Orc:1    | Noticed Sonja
 29204 | Orc:1    | Killed Sonja
 29613 | Orc:2    | Entered Level 2 of the Orcish Mines
 29907 | Orc:2    | Found Sinlimoc's Weapon Boutique.
 29935 | Orc:2    | Found Hotaluw's General Store.
 30157 | Orc:2    | Identified the amulet "Goatz" {Reflect +Fly MP+9 Str-2
                  | Slay+4 SH+4}
 30341 | Orc:2    | Found a staircase to the Elven Halls.
 30595 | Orc:2    | Noticed Saint Roka
 30611 | Orc:2    | Killed Saint Roka
 30611 | Orc:2    | Reached skill level 9 in Earth Magic
 30666 | Orc:2    | Found a roughly hewn altar of Beogh.
 30672 | Orc:2    | Reached skill level 12 in Evocations
 30693 | Orc:2    | Found Bucwuw's Gadget Boutique.
 30805 | Orc:2    | Found Udastrugogh's Jewellery Emporium.
 31032 | Orc:2    | Found a roughly hewn altar of Beogh.
 31059 | Orc:2    | Reached XP level 16. HP: 132/132 MP: 29/29
 31323 | Shoals:3 | Found a shimmering altar of Xom.
 31445 | Shoals:3 | Reached skill level 12 in Necromancy
 31842 | Shoals:3 | Reached skill level 6 in Spellcasting
 32167 | Shoals:3 | Found a shattered altar of Ashenzari.
 32197 | Shoals:3 | Found a runed translucent door.
 32197 | Shoals:3 | Noticed Dereoz's ghost (adept MiBe)
 32301 | Shoals:3 | HP: 32/132 [Dereoz's ghost (19)]
 32450 | Snake:1  | Entered Level 1 of the Snake Pit
 32650 | Snake:1  | Noticed Asterion
 32670 | Snake:1  | Killed Asterion
 32670 | Snake:1  | Reached skill level 7 in Spellcasting
 32728 | Snake:1  | Noticed Aizul
 32738 | Snake:1  | Noticed Kirke
 32741 | Snake:1  | Reached skill level 9 in Dodging
 32743 | Snake:1  | Killed Aizul
 33276 | Snake:1  | Killed Kirke
 33276 | Snake:1  | Reached skill level 11 in Staves
 33834 | Snake:2  | Found a bloodstained altar of Trog.
 34056 | Snake:2  | Reached skill level 9 in Shields
 34717 | Shoals:3 | HP: 24/134 [Dereoz's ghost (37)]
 34717 | Shoals:3 | HP: 9/134 [Dereoz's ghost (15)]
 35104 | Snake:3  | Identified Roxanne's Tome of Earth
 35104 | Snake:3  | Noticed Roxanne
 35126 | Snake:3  | HP: 10/134 [Roxanne/orb of energy (31)]
 35252 | Snake:3  | Reached skill level 10 in Fighting
 35253 | Snake:3  | Killed Roxanne
 35347 | Snake:3  | Reached XP level 17. HP: 140/140 MP: 28/32
 35389 | Snake:3  | Reached skill level 10 in Dodging
 35662 | Snake:3  | Noticed Vashnia
 35680 | Snake:3  | Killed Vashnia
 36245 | Snake:4  | Entered Level 4 of the Snake Pit
 36245 | Snake:4  | Found a runed translucent gate.
 36245 | Snake:4  | Found an opulent altar of Gozag.
 36245 | Snake:4  | Found a runed translucent gate.
 36245 | Snake:4  | Found a runed translucent gate.
 36245 | Snake:4  | Found Biokaado's Assorted Antiques.
 36250 | Snake:4  | Noticed Lufyqa Hiru's ghost (adept MfIE)
 36259 | Snake:4  | HP: 30/141 [shock serpent (9)]
 36262 | Snake:3  | HP: 11/141 [shock serpent/electric aura (16)]
 36265 | Snake:3  | Killed from afar by a shock serpent

Levels and vault maps discovered:
D:1:      scummos_arrival_hexagon, layout_loops_ring, kennysheep_flooded_box,
          minmay_misc_feat_enclosed
D:2:      kb_forest_paths, layout_basic, lemuel_coloured_pillars_altar,
          old_standard_altar
D:3:      layout_rooms, cheibriados_altar_1, first_ration, serial_corexii_hall,
          chequers_hall_statues_wall_a, corexii_hall_statues_deadend,
          corexii_hall_statues_s, chequers_hall_statues_y,
          minmay_misc_feat_more_columns
D:4:      layout_basic, overflow_temple_1_default, minmay_misc_feat_square,
          uniq_eustachio
D:5:      layout_loops_ring, minmay_temple_entry_drinking_statues,
          kennysheep_dice, uniq_grinder
D:6:      layout_basic, vehumet_crystals, minmay_fractal_squares_gapless_5
D:7:      layout_loops_ring, grunt_temple_overflow_forces_of_nature,
          grunt_temple_overflow_open
D:8:      layout_loops_ring, basic_altar, blue_anna_alchemist
          [blue_anna_fruit_fields, blue_anna_fruit_fields], uniq_maurice
D:9:      layout_cave_pools, grunt_temple_overflow_holy_war,
          minmay_misc_feat_encased
D:10:     layout_long_grid, basic_altar, ebering_ghost_gozag,
          grunt_nemelex_the_gamble
D:11:     layout_irregular_city, lair_entry_dummy, david_orc_5
D:12:     layout_long_grid
D:13:     layout_loops_corners, lightli_vaults_fourway_checkpoint,
          muffindrake_ghost_dual_entry, minmay_misc_feat_ornament,
          chequers_serial_rivers_small_a, minmay_guarded_unrand_zonguldrok
D:14:     layout_loops_ring, serial_shops, shop, corexii_corridor_pit
D:15:     grunt_enter_depths_snipers, layout_rooms, tgw_lugonu_bribe
Lair:1:   layout_loops_ring, serial_bayou_lagoon_a, lemuel_fruit_fields,
          grunt_megastairs_3, lemuel_fruit_tree, serial_bayou_shore_a
Lair:2:   layout_regular_city, elwin_shoals_entry_rocks,
          minmay_snake_entry_six_corridors, uniq_gastronok
Lair:3:   layout_chaotic_city
Lair:4:   layout_cave_pods, grunt_megastairs_2
Lair:5:   layout_cave_pods
Lair:6:   cheibrodos_lair_end_hotspot, layout_regular_city, slime_altar_1,
          serial_bayou_pond_e, minmay_lindwurm_lava
Shoals:1: layout_shoals, portal_ice_cave_entry_pillars_three
Shoals:2: cheibrodos_shoals_oceanic_diplomacy, layout_shoals,
          nicolae_shoals_kraken_intersection, uniq_louise
Shoals:3: layout_shoals, ebering_ghost_reflecting_pool, hangedman_feature_mirror
Snake:1:  layout_grid_shapes, uniq_kirke, uniq_asterion, uniq_aizul
Snake:2:  layout_honeycomb, basic_altar, grunt_ministairs_7
Snake:3:  layout_basic, uniq_roxanne, uniq_vashnia
Snake:4:  grunt_snake_rune_serpentine_throne, layout_rooms, ebering_ghost_gozag
Orc:1:    layout_caves, uniq_sonja
Orc:2:    pubby_orc_utopia, uniq_saint_roka

Skill      XL: |  1  2  3  4  5  6  7  8  9 10 11 12 13 14 15 16 17 |
---------------+----------------------------------------------------+-----
Necromancy     | 4 5 6 7 10 11 12 | 12.1
Spellcasting   | 2 3 5 7 |  7.0
Shields        | 2 4 5 7 8 9 |  9.9
Throwing       | 1 |  1.5
Fighting       | 1 2 3 5 6 8 9 10 | 10.5
Axes           | 1 4 5 6 7 |  7.6
Dodging        | 2 4 6 8 9 10 | 10.4
Armour         | 1 3 4 |  4.9
Earth Magic    | 1 7 9 |  9.9
Staves         | 6 8 10 11 | 11.9
Evocations     | 6 11 12 | 12.0
Stealth        | |  1.7

Action                   |  1- 3 |  4- 6 |  7- 9 | 10-12 | 13-15 | 16-18 || total
-------------------------+-------+-------+-------+-------+-------+-------++-------
Melee: Dagger            |    12 |    31 |       |       |       |       ||    43
       Hand axe          |       |    45 |   333 |   371 |    18 |       ||   767
       Staff             |       |     6 |     5 |   220 |  1205 |   417 ||  1853
 Fire: Blowgun           |       |    41 |       |       |       |       ||    41
 Cast: Pain              |    89 |    70 |    20 |     7 |       |       ||   186
       Animate Skeleton  |    10 |     2 |     1 |     1 |       |       ||    14
       Vampiric Draining |     1 |     2 |    42 |    38 |    20 |       ||   103
       Animate Dead      |       |     1 |    19 |    49 |    44 |    41 ||   154
       Regeneration      |       |       |     6 |    25 |    44 |    24 ||    99
       Borgnjor's Vile C |       |       |       |    33 |   196 |    89 ||   318
       Shroud of Golubri |       |       |       |     5 |       |       ||     5
 Abil: Evoke Invisibilit |       |       |       |       |     2 |     1 ||     3
       Stop Flying       |       |       |       |       |     1 |     1 ||     2
       Evoke Flight      |       |       |       |       |     1 |     1 ||     2
Evoke: Wand              |       |     2 |     6 |     8 |    29 |       ||    45
       Crystal ball of e |       |       |       |       |    41 |    19 ||    60
       Phial of floods   |       |       |       |       |     6 |     2 ||     8
  Use: Scroll            |     6 |     9 |     6 |    16 |    16 |     6 ||    59
       Potion            |       |     1 |       |       |    15 |     6 ||    22
 Stab: Sleeping          |       |     1 |     7 |     1 |     8 |     2 ||    19
       Paralysed         |       |       |       |    14 |    21 |       ||    35
       Petrified         |       |       |       |     4 |     1 |       ||     5
       Distracted        |       |       |       |     3 |     2 |     3 ||     8
       Petrifying        |       |       |       |     4 |       |       ||     4
       Confused          |       |       |       |     1 |       |       ||     1
       Invisible         |       |       |       |       |    15 |       ||    15
  Eat: Chunk             |     6 |     4 |    11 |     9 |    62 |     5 ||    97
       Ration            |       |     3 |     3 |     9 |    11 |     9 ||    35
Armor: Robe              |     2 |    12 |    27 |       |       |       ||    41
       Ring mail         |       |       |    21 |    15 |       |       ||    36
       Troll leather arm |       |       |       |   112 |   325 |    70 ||   507
Dodge: Dodged            |    22 |    71 |   184 |   442 |   665 |   193 ||  1577
       Deflected         |       |       |       |       |    11 |       ||    11
Block: Buckler           |       |    25 |    78 |   225 |   336 |       ||   664
       Shield            |       |       |       |       |   300 |   410 ||   710
       Reflection        |       |       |       |       |     4 |    43 ||    47

Table legend:
 A = Non-vault XP
 B = Vault XP
 C = Vault XP percentage of total XP
 D = Non-vault monster count
 E = Vault monster count
 F = Vault count percentage of total count
                 A         B        C        D         E       F
            +---------+---------+-------+---------+---------+-------
      Total |  179433 |  107136 |  37.4 |     819 |     345 |  29.6
            +---------+---------+-------+---------+---------+-------
        D:1 |      42 |       0 |   0.0 |      24 |       0 |   0.0
        D:2 |      58 |      39 |  40.2 |      26 |       6 |  18.8
        D:3 |      81 |       0 |   0.0 |      24 |       0 |   0.0
        D:4 |     306 |     208 |  40.5 |      12 |       1 |   7.7
        D:5 |     469 |     452 |  49.1 |      17 |       5 |  22.7
        D:6 |     941 |     154 |  14.1 |      29 |       2 |   6.5
        D:7 |     656 |       0 |   0.0 |      30 |       0 |   0.0
        D:8 |    1129 |     102 |   8.3 |      22 |       2 |   8.3
        D:9 |    2148 |       0 |   0.0 |      44 |       0 |   0.0
       D:10 |    3932 |     135 |   3.3 |      35 |       3 |   7.9
       D:11 |    3637 |     683 |  15.8 |      35 |      18 |  34.0
       D:12 |    5569 |       0 |   0.0 |      37 |       0 |   0.0
       D:13 |    7705 |   26855 |  77.7 |      30 |      46 |  60.5
       D:14 |   13884 |       0 |   0.0 |      60 |       0 |   0.0
       D:15 |   10617 |    2387 |  18.4 |      32 |       3 |   8.6
     Lair:1 |    2866 |     331 |  10.4 |      19 |       3 |  13.6
     Lair:2 |    3001 |    4336 |  59.1 |      14 |      14 |  50.0
     Lair:3 |    5278 |       0 |   0.0 |      24 |       0 |   0.0
     Lair:4 |    6085 |     213 |   3.4 |      29 |       2 |   6.5
     Lair:5 |    4705 |       0 |   0.0 |      21 |       0 |   0.0
     Lair:6 |    7153 |    9634 |  57.4 |      23 |      30 |  56.6
   Shoals:1 |   10291 |       0 |   0.0 |      22 |       0 |   0.0
   Shoals:2 |    4467 |    9053 |  67.0 |       8 |      12 |  60.0
   Shoals:3 |   17694 |    1194 |   6.3 |      41 |       2 |   4.7
    Snake:1 |   16276 |    6976 |  30.0 |      31 |       8 |  20.5
    Snake:2 |   19802 |    2933 |  12.9 |      41 |       4 |   8.9
    Snake:3 |   27473 |    8598 |  23.8 |      63 |       5 |   7.4
    Snake:4 |    1256 |       0 |   0.0 |       4 |       0 |   0.0
      Orc:1 |    1912 |     795 |  29.4 |      22 |       1 |   4.3
      Orc:2 |       0 |   23563 | 100.0 |       0 |     153 | 100.0
      IceCv |       0 |    8495 | 100.0 |       0 |      25 | 100.0
            +---------+---------+-------+---------+---------+-------

Levels and vault maps discovered:
D:1:      scummos_arrival_hexagon, layout_loops_ring, kennysheep_flooded_box,
          minmay_misc_feat_enclosed
D:2:      kb_forest_paths, layout_basic, lemuel_coloured_pillars_altar,
          old_standard_altar
D:3:      layout_rooms, cheibriados_altar_1, first_ration, serial_corexii_hall,
          chequers_hall_statues_wall_a, corexii_hall_statues_deadend,
          corexii_hall_statues_s, chequers_hall_statues_y,
          minmay_misc_feat_more_columns
D:4:      layout_basic, overflow_temple_1_default, minmay_misc_feat_square,
          uniq_eustachio
D:5:      layout_loops_ring, minmay_temple_entry_drinking_statues,
          kennysheep_dice, uniq_grinder
D:6:      layout_basic, vehumet_crystals, minmay_fractal_squares_gapless_5
D:7:      layout_loops_ring, grunt_temple_overflow_forces_of_nature,
          grunt_temple_overflow_open
D:8:      layout_loops_ring, basic_altar, blue_anna_alchemist
          [blue_anna_fruit_fields, blue_anna_fruit_fields], uniq_maurice
D:9:      layout_cave_pools, grunt_temple_overflow_holy_war,
          minmay_misc_feat_encased
D:10:     layout_long_grid, basic_altar, ebering_ghost_gozag,
          grunt_nemelex_the_gamble
D:11:     layout_irregular_city, lair_entry_dummy, david_orc_5
D:12:     layout_long_grid
D:13:     layout_loops_corners, lightli_vaults_fourway_checkpoint,
          muffindrake_ghost_dual_entry, minmay_misc_feat_ornament,
          chequers_serial_rivers_small_a, minmay_guarded_unrand_zonguldrok
D:14:     layout_loops_ring, serial_shops, shop, corexii_corridor_pit
D:15:     grunt_enter_depths_snipers, layout_rooms, tgw_lugonu_bribe
Lair:1:   layout_loops_ring, serial_bayou_lagoon_a, lemuel_fruit_fields,
          grunt_megastairs_3, lemuel_fruit_tree, serial_bayou_shore_a
Lair:2:   layout_regular_city, elwin_shoals_entry_rocks,
          minmay_snake_entry_six_corridors, uniq_gastronok
Lair:3:   layout_chaotic_city
Lair:4:   layout_cave_pods, grunt_megastairs_2
Lair:5:   layout_cave_pods
Lair:6:   cheibrodos_lair_end_hotspot, layout_regular_city, slime_altar_1,
          serial_bayou_pond_e, minmay_lindwurm_lava
Shoals:1: layout_shoals, portal_ice_cave_entry_pillars_three
Shoals:2: cheibrodos_shoals_oceanic_diplomacy, layout_shoals,
          nicolae_shoals_kraken_intersection, uniq_louise
Shoals:3: layout_shoals, ebering_ghost_reflecting_pool, hangedman_feature_mirror
Snake:1:  layout_grid_shapes, uniq_kirke, uniq_asterion, uniq_aizul
Snake:2:  layout_honeycomb, basic_altar, grunt_ministairs_7
Snake:3:  layout_basic, uniq_roxanne, uniq_vashnia
Snake:4:  grunt_snake_rune_serpentine_throne, layout_rooms, ebering_ghost_gozag
Orc:1:    layout_caves, uniq_sonja
Orc:2:    pubby_orc_utopia, uniq_saint_roka

Table legend:
 A = Turns spent in this place as a percentage of turns spent in the entire game.
 B = Non-inter-level travel turns spent in this place as a percentage of non-inter-level travel turns spent in the entire game.
 C = Inter-level travel turns spent in this place as a percentage of turns spent in this place.
 D = Turns resting spent in this place as a percentage of non-inter-level travel turns spent in this place.
 E = Turns spent auto-exploring this place as a percentage of non-inter-level travel turns spent in this place.
 F = Non-inter-level travel turns spent in this place divided by the number of levels of this place that you've seen.
                   A       B       C       D       E      F
               +-------+-------+-------+-------+-------+----------------------
         Total | 100.0 | 100.0 |   5.3 |  28.0 |  45.9 | 1107.5
       Dungeon |  48.7 |  48.8 |   5.2 |  28.4 |  45.7 | 1117.1
          Lair |  22.0 |  21.7 |   6.6 |  26.0 |  53.4 | 1239.8
        Shoals |  10.5 |  10.5 |   5.3 |  32.9 |  41.0 | 1207.0
     Snake Pit |   9.6 |   9.5 |   6.6 |  24.9 |  44.9 | 813.2
  Orcish Mines |   5.7 |   5.9 |   2.5 |  13.5 |  53.6 | 1005.5
      Ice Cave |   3.5 |   3.7 |   0.0 |  52.2 |   8.2 | 1254.0
               +-------+-------+-------+-------+-------+----------------------

Table legend:
 A = Kills in this place as a percentage of kills in entire the game.
 B = Kills by you in this place as a percentage of kills by you in the entire game.
 C = Kills by friends in this place as a percentage of kills by friends in the entire game.
 D = Other kills in this place as a percentage of other kills in the entire game.
 E = Experience gained in this place as a percentage of experience gained in the entire game.
 F = Experience gained in this place divided by the number of levels of this place that you have seen.
                   A       B       C       D       E      F
               +-------+-------+-------+-------+-------+----------------------
         Total | 100.0 | 100.0 | 100.0 | 100.0 | 100.0 | 9244.2
       Dungeon |  46.6 |  48.4 |  31.6 |  20.0 |  28.7 | 5479.3
          Lair |  15.4 |  14.4 |  24.6 |   0.0 |  15.2 | 7267.0
        Shoals |   7.3 |   5.8 |  20.2 |  20.0 |  14.9 | 14233.0
     Snake Pit |  13.4 |  13.2 |  14.0 |  40.0 |  29.1 | 20828.5
  Orcish Mines |  15.1 |  15.7 |   9.6 |  20.0 |   9.2 | 13135.0
      Ice Cave |   2.1 |   2.4 |   0.0 |   0.0 |   3.0 | 8495.0
               +-------+-------+-------+-------+-------+----------------------
